 Dungeon Crawl Stone Soup version 0.22.1-2-g9c5b331383 (webtiles) character file.

98 Gargoyl the Skirmisher (level 4, 0/38 HPs)
             Began as a Centaur Abyssal Knight on Dec 3, 2018.
             Was a Believer of Lugonu.
             Killed by nerve-wracking pain
             ... invoked by an orc priest
              (2 damage)
             ... on level 3 of the Dungeon.
             The game lasted 00:03:39 (1792 turns).

Gargoyl the Skirmisher (Centaur Abyssal Knight)     Turns: 1792, Time: 00:03:40

Health: 0/38       AC: 17    Str: 14    XL:     4   Next: 43%
Magic:  5/5        EV:  0    Int: 11    God:    Lugonu [**....]
Gold:   170        SH:  0    Dex: 10    Spells: 3/3 levels left

rFire    . . .     SeeInvis .   a - +1 hand axe
rCold    + . .     Gourm    .   (no shield)
rNeg     . . .     Faith    .   d - +1 plate armour {rC+}
rPois    .         Spirit   .   (no helmet)
rElec    .         Reflect  .   (no cloak)
rCorr    .         Harm     .   f - +0 pair of gloves
MR       .....                  j - +2 centaur barding
Stlth    ..........             (no amulet)
HPRegen  0.12/turn              g - +2 ring of slaying
MPRegen  0.09/turn              (no ring)

@: very quick
A: large, hooves 3, deformed body, speed 2, tough skin 3
a: Depart the Abyss, Bend Space, Renounce Religion


You were on level 3 of the Dungeon.
You worshipped Lugonu.
Lugonu was pleased with you.
You were not hungry.

You visited 1 branch of the dungeon, and saw 3 of its levels.
You visited the Abyss 1 time.

You collected 170 gold pieces.

Inventory:

Hand Weapons
 a - a +1 hand axe (weapon)
Armour
 d - a +1 plate armour of cold resistance (worn)
 f - a +0 pair of gloves (worn)
 j - a +2 centaur barding (worn)
Jewellery
 g - a +2 ring of slaying (left hand)
Wands
 e - a wand of clouds (3)
Scrolls
 h - a scroll of identify
 n - a scroll of enchant weapon {unknown}
Potions
 b - a potion of agility {unknown}
 i - a potion of curing {unknown}
 k - a potion of flight {unknown}
 l - a potion of brilliance {unknown}
 m - 2 potions of heal wounds
Comestibles
 c - 6 rations


   Skills:
 + Level 3.4 Fighting
 + Level 2.6 Axes
 * Level 2.4 Armour
 + Level 0.9 Dodging
 * Level 2.5 Invocations


You had 3 spell levels left.
You didn't know any spells.
Your spell library contained the following spells:

 Spells                   Type           Power        Failure   Level  Hunger
 Beastly Appendage        Tmut           #.....       100%        1    ##.....
 Sticks to Snakes         Tmut           #.......     100%        2    ###....
 Spider Form              Tmut/Pois      #.........   100%        3    ####...
 Ice Form                 Ice/Tmut       #.......     100%        4    #####..
 Blade Hands              Tmut           #.........   100%        5    ######.


Dungeon Overview and Level Annotations

Branches:
Dungeon (3/15)

Altars:


Innate Abilities, Weirdness & Mutations

You have hooves in place of feet.
Armour fits poorly on your strangely shaped body.
You cover ground very quickly.
You have extremely tough skin. (AC +3)


Message History

The orc priest hits you but does no damage.
You hit the orc priest. You kick the orc priest.
The orc priest is heavily wounded.
The orc priest hits you but does no damage.
A hobgoblin comes into view.
The orc priest invokes the aid of Beogh against you.
Beogh smites you!
You completely miss the orc priest.
The orc priest is heavily wounded.
The orc priest hits you but does no damage.
The orc priest looks encouraged for a moment.
The orc priest hits you but does no damage.
You hit the orc priest.
The orc priest is almost dead.
The orc priest invokes the aid of Beogh against you.
Beogh smites you!
* * * LOW HITPOINT WARNING * * *
The orc priest mumbles some strange prayers to Beogh against you.
Pain shoots through your body!
You die...

.....# .....# ##+## ..... .....#
#...# ##..... .†...## #...#
....... ......# #...# ...o...
.†..#.# #.<.# ...g... ....#.#
#...# .o..... ....#.#
#...######.......
....#+###.......@o.......
........#...#####........
##......#...# #.##+####
##......#...# #.##.#
##......#...#####.##.#
...............##.##.#
.........#.###.##(##.# ########
.........#.# #....##'####......#
.........#.###.....(.(.........#


You could see 2 orc priests, an orc and a hobgoblin.

Vanquished Creatures
  5 adders (D:2)
  A worm (D:3)
  A dart slug (D:2)
  2 leopard geckos
  An orc (D:3)
  A ball python (D:2)
  A giant cockroach (D:1)
  6 goblins
  A hobgoblin (D:2)
  7 jackals (D:2)
  A quokka (D:3)
  7 bats
  6 frilled lizards
  4 kobolds
  3 rats
47 creatures vanquished.

Notes
Turn   | Place    | Note
-------+----------+-------------------------------------------
     0 | Abyss:1  | Gargoyl the Centaur Abyssal Knight began the quest for the
                  | Orb.
     0 | Abyss:1  | Reached XP level 1. HP: 19/19 MP: 2/2
     5 | Abyss:2  | Found a corrupted altar of Lugonu.
    49 | Abyss:3  | Noticed a starcursed mass
    49 | Abyss:3  | Noticed a neqoxec
    49 | Abyss:3  | Noticed a cyan very ugly thing
    49 | Abyss:3  | Noticed a neqoxec
    49 | Abyss:3  | Noticed a glowing orange brain
    49 | Abyss:3  | Noticed a glowing orange brain
    49 | Abyss:3  | Noticed an orange crystal statue
    49 | Abyss:3  | Noticed a neqoxec
    49 | Abyss:3  | Noticed an orange crystal statue
    49 | Abyss:3  | Noticed a neqoxec
    50 | D:1      | Escaped the Abyss
   409 | D:1      | Reached XP level 2. HP: 26/26 MP: 3/3
   421 | D:1      | Reached * piety under Lugonu
   830 | D:2      | Reached XP level 3. HP: 28/31 MP: 4/4
  1186 | D:2      | Reached XP level 4. HP: 38/38 MP: 5/5
  1190 | D:2      | Reached ** piety under Lugonu
  1792 | D:3      | Killed from afar by an orc priest

Skill      XL: |  1  2 |
---------------+-------+-----
Axes           | 2 |  2.6
Armour         | 2 |  2.4
Fighting       | |  3.4
Dodging        | |  0.9
Invocations    | |  2.5

Action                   |  1- 3 |  4- 6 || total
-------------------------+-------+-------++-------
Melee: Hand axe          |    70 |    33 ||   103
       Kick              |     8 |     9 ||    17
Invok: Depart the Abyss  |     1 |       ||     1
  Use: Scroll            |       |     6 ||     6
  Eat: Chunk             |       |     2 ||     2
Armor: Plate armour      |   115 |    36 ||   151
Dodge: Dodged            |    10 |     1 ||    11
